 Dungeon Crawl Stone Soup version 0.27-a0-1281-ge233d83751 (webtiles) character file.

Game seed: 4339406135227534296

59 solopath the Slasher (level 4, -6/33 HPs)
             Began as a Djinni Gladiator on June 14, 2021.
             Was a Follower of Okawaru.
             Mangled by Natasha (7 damage)
             ... on level 2 of the Dungeon.
             The game lasted 00:02:56 (1609 turns).

solopath the Slasher (Djinni Gladiator)             Turns: 1609, Time: 00:02:57

Health: -6/33      AC:  4    Str: 13    XL:     4   Next: 22%
Gold:   73         EV: 12    Int: 11    God:    Okawaru [*.....] SH:  0 Dex: 14

rFire    + + .     SeeInvis .   a - +0 long sword
rCold    x . .     Faith    .   (no shield)
rNeg     . . .     Spirit   .   b - +0 leather armour
rPois    ∞         Reflect  .   c - +0 helmet
rElec    .         Harm     .   (no cloak)
rCorr    .         Rampage  .   (no gloves)
Will     .....                  (boots unavailable)
Stlth    +.........             (no amulet)
HPRegen  0.11/turn              (no ring)
MPRegen  0.00/turn              (no ring)

@: flying
A: sickness immunity, fire resistance 2, cold vulnerability 1, float, innate
caster, hp casting, extra vitality 1
a: Renounce Religion, Heroism


You were on level 2 of the Dungeon.
You worshipped Okawaru.
Okawaru was aware of your devotion.
You visited 1 branch of the dungeon, and saw 2 of its levels.

You collected 73 gold pieces.

Inventory:

Hand Weapons
 a - a +0 long sword (weapon)
Missiles
 d - 3 throwing nets (quivered)
Armour
 b - a +0 leather armour (worn)
 c - a +0 helmet (worn)
 e - a +0 buckler
Scrolls
 f - a scroll of immolation {unknown}
 g - a scroll of silence {unknown}


   Skills:
 - Level 2.0 Fighting
 + Level 4.3 Long Blades
 - Level 1.5 Throwing
 - Level 3.2 Dodging


You had 2 spell levels left.
You knew the following spells:

 Your Spells              Type           Power      Damage    Failure   Level
a - Foxfire               Conj/Fire      0%         2x1d4     41%         1
Your spell library was empty.

Dungeon Overview and Level Annotations

Branches:
Dungeon (2/15)

Altars:
Okawaru

Shops:
D:2 (

Annotations:
D:2 Natasha


Innate Abilities, Weirdness & Mutations

You are immune to sickness and miasma.
You are immune to poison.
Your flesh is very heat resistant. (rF++)
You are vulnerable to cold. (rC-)
You float through the air rather than walking.
You learn spells naturally, not from books.
Your magical power is your life essence.
You have superior vitality. (+4 HP)


Message History

You hit Natasha but do no damage.
Natasha is heavily wounded.
The bat hits you but does no damage. Natasha claws you.
The crimson imp blinks!
You are too injured to fight recklessly!
You are too injured to fight recklessly!
You are too injured to fight recklessly!
You are too injured to fight recklessly!
You are too injured to fight recklessly!
You are too injured to fight recklessly!
You are too injured to fight recklessly!
You are too injured to fight recklessly!
Unknown command.
You are too injured to fight recklessly!
You closely miss Natasha.
Natasha is heavily wounded.
The bat misses you. Natasha claws you but does no damage. Natasha claws you.
You hit Natasha.
Natasha is heavily wounded.
The bat misses you.
You riposte.
You hit the bat.
You kill the bat!
Okawaru accepts your kill. Natasha claws you.
* * * LOW HITPOINT WARNING * * *
It was a potion of flight.
You feel more buoyant. Natasha barely misses you.
It was a potion of curing.
You feel better. Natasha claws you.
* * * LOW HITPOINT WARNING * * *
You barely miss Natasha.
Natasha is heavily wounded.
Natasha claws you but does no damage.
You completely miss Natasha.
Natasha is heavily wounded.
Natasha claws you!
* * * LOW HITPOINT WARNING * * *
Unknown command.
You hit Natasha.
Natasha is almost dead.
Natasha claws you!
You die...

#### #.#†# #####..†# #.#
## . ........## #.# .
..######.>.# ###.# .# ..
#..∩+ ..#.##. ..#.##
#...###.#...#
......##...#.#.#...###.#
#......#.#.#.......#
#.#.##.#...#@h.#### #.
#(#..#.#.5.......#
.##..#.#...##.######.#
....##.##........
#.##.#.......###.##
#.##.#.#### .# # ...#.#
.# #.#.##.# .# ### ..
..# ..


You could see Natasha and a crimson imp (summoned).

Vanquished Creatures
  An adder (D:2)
  7 bats
  3 endoplasms (D:1)
  4 giant cockroaches
  2 hobgoblins
  10 jackals
  A quokka (D:2)
  4 ball pythons
  3 frilled lizards (D:1)
  A goblin (D:1)
  7 kobolds
  2 rats (D:1)
45 creatures vanquished.

Vanquished Creatures (others)
  5 foxfires
5 creatures vanquished.

Grand Total: 50 creatures vanquished

Notes
Turn   | Place    | Note
-------+----------+-------------------------------------------
     0 | D:1      | solopath the Djinni Gladiator began the quest for the Orb.
     0 | D:1      | Reached XP level 1. HP: 18/18 MP: 0/0
   102 | D:1      | Found a faded altar of an unknown god.
   105 | D:1      | Reached skill level 3 in Long Blades
   120 | D:1      | Became a worshipper of Warmaster Okawaru
   120 | D:1      | Reached * piety under Okawaru
   164 | D:1      | Reached XP level 2. HP: 20/23 MP: 0/0
   778 | D:1      | Reached XP level 3. HP: 25/28 MP: 0/0
   778 | D:1      | Learned a level 1 spell: Foxfire
  1230 | D:2      | Reached skill level 4 in Long Blades
  1472 | D:2      | Found Wadufoel's Antique Weapon Boutique.
  1502 | D:2      | Reached XP level 4. HP: 26/33 MP: 0/0
  1593 | D:2      | Noticed Natasha
  1608 | D:2      | HP: 1/33 [Natasha (8)]
  1609 | D:2      | Mangled by Natasha

Illustrated notes

Levels and vault maps discovered:
D:1:      beargit_arrival_greenhouse, layout_loops_ring,
          ebering_ecumenical_altar_abandoned, minmay_fountain_box,
          minmay_statues_item
D:2:      layout_basic, serial_shops, shop, serial_aquarium,
          aquarium_bridge_straight [aquarium_subvault_bridge,
          aquarium_subvault_wall, aquarium_subvault_bridge,
          aquarium_subvault_window], aquarium_window_fake, aquarium_window_2,
          aquarium_view_2c, aquarium_view_4, minmay_tromino_v7, uniq_natasha,
          uniq_terence

Skill      XL: |  1  2  3 |
---------------+----------+-----
Long Blades    | 3 4 |  4.3
Fighting       | |  2.0
Throwing       | |  1.5
Dodging        | |  3.2

Action                   |  1- 3 |  4- 6 || total
-------------------------+-------+-------++-------
Melee: Long sword        |   130 |    17 ||   147
 Cast: Foxfire           |     3 |       ||     3
Invok: Heroism           |     1 |       ||     1
  Use: Potion            |       |     2 ||     2
Armor: Leather armour    |    48 |     9 ||    57
Dodge: Dodged            |   115 |    17 ||   132
       Rpst.: Long sword |    33 |     7 ||    40

Table legend: (Time is in decaauts)
 A = Elapsed time spent in this place.
 B = Non-inter-level travel time spent in this place.
 C = Inter-level travel time spent in this place.
 D = Time resting spent in this place.
 E = Time spent auto-exploring this place.
 F = Levels seen in this place.
 G = Mean time per level.
                   A        B        C        D        E       F      G
               +--------+--------+--------+--------+--------+-----+--------+
         Total |   1639 |   1623 |     16 |     32 |   1266 |   2 |  819.5 |
       Dungeon |   1639 |   1623 |     16 |     32 |   1266 |   2 |  819.5 |
               +--------+--------+--------+--------+--------+-----+--------+

Top non-repeatable levels by time:
     D:1: 1230 daAuts
     D:2: 409 daAuts
